 Dungeon Sprint DCSS version 0.17-a0-1497-g03599f7 (webtiles) character file.

326 nuthulu the Transmogrifier (level 6, 0/61 HPs)
             Began as a Naga Transmuter on July 6, 2015.
             Was a Priest of Cheibriados.
             Slain by an air elemental (5 damage)
             ... in the Dungeon (Sprint V: "Ziggurat Sprint").
             The game lasted 00:02:57 (643 turns).

nuthulu the Transmogrifier (Naga Transmuter)         Turns: 643, Time: 00:02:57

Health: 0/61       AC:  7    Str: 24    XL:     6   Next: 49%
Magic:  8/18       EV: 10    Int: 28    God:    Cheibriados [***...]
Gold:   0          SH:  0    Dex: 17    Spells: 4 memorised, 13 levels left

rFire  x . .     SeeInvis +       - Unarmed
rCold  + + +     Clarity  .     (armour currently unavailable)
rNeg   . . .     SustAt   .     (shield currently unavailable)
rPois  +         Gourm    .     (helmet currently unavailable)
rElec  .         Spirit   .     (cloak currently unavailable)
rCorr  .         Warding  .     (gloves currently unavailable)
rMut   .         NoTele   +     (no barding)
MR     .....                    (no amulet)
Stlth  ++........               F - +6 ring of intelligence
                                I - +6 ring of strength

@: ice-form, very slow, not resistant to hostile enchantments, unstealthy
A: see invisible, (deformed body), (poison resistance), (slowness 0), slow
metabolism 1, spit poison 2, AC +2
a: Spit Poison, End Transformation, Bend Time, Temporal Distortion, Renounce
Religion


You were in the Dungeon.
You worshipped Cheibriados.
Cheibriados was most pleased with you.
You were not hungry.
You were a creature of crystalline ice.
You visited 1 branch

Inventory:

Missiles
 a - 1009 arrows
Armour
 b - a +0 robe (melded)
 J - a +5 gold dragon armour
Jewellery
 D - a +6 ring of dexterity
 E - a +6 ring of dexterity
 F - a +6 ring of intelligence (right front paw)
 G - a +6 ring of intelligence
 H - a +6 ring of strength
 I - a +6 ring of strength (left front paw)
Magical devices
 y - a wand of disintegration (7)
 A - a wand of fire (5)
 B - a wand of cold (5)
 C - a wand of draining (5)
Scrolls
 j - 4 scrolls of blinking
 q - 4 scrolls of amnesia
 r - 3 scrolls of recharging
 s - 7 scrolls of fog
 t - a scroll of holy word
 u - 5 scrolls of identify
 v - 5 scrolls of remove curse
 w - 2 scrolls of fear
Potions
 e - 9 potions of curing
 f - 8 potions of heal wounds
 g - 6 potions of haste
 h - 7 potions of magic
 i - 3 potions of berserk rage
 k - 2 potions of brilliance
 l - 2 potions of invisibility
 m - 4 potions of resistance
 o - 5 potions of agility
 p - 5 potions of might
Books
 c - a book of Changes

   Spells                             Type                      Level
   a - Beastly Appendage              Transmutation                1
   b - Sticks to Snakes               Transmutation                2
   c - Spider Form                    Transmutation/Poison         3
   d - Ice Form                       Ice/Transmutation            4
   e - Blade Hands                    Transmutation                5
Comestibles
 d - 5 bread rations
 x - 42 fruits
 z - 4 meat rations


   Skills:
 - Level 1.0 Fighting
 - Level 1.5 Dodging
 - Level 3.0 Unarmed Combat
 + Level 9.3 Spellcasting
 + Level 10.0 Transmutations


You had 13 spell levels left.
You knew the following spells:

 Your Spells              Type           Power        Failure   Level  Hunger
a - Beastly Appendage     Trmt           ######       1%          1    None
b - Spider Form           Trmt/Pois      #####.....   1%          3    None
c - Sticks to Snakes      Trmt           ######....   1%          2    None
d - Ice Form              Ice/Trmt       #####...     8%          4    None


Dungeon Overview and Level Annotations

Branches:
Dungeon (1/1)

Altars:
Ashenzari
Cheibriados
Dithmenos
Elyvilon
Fedhas
Gozag
Kikubaaqudgha
Makhleb
Nemelex Xobeh
Okawaru
Qazlal
Ru
Sif Muna
Trog
Vehumet
Xom
Yredelemnul
Zin
The Shining One
Beogh
Jiyva
Lugonu


Innate Abilities, Weirdness & Mutations

You cannot wear boots.
((Your serpentine skin is tough (AC +2).))
You have supernaturally acute eyesight.
((Armour fits poorly on your strangely shaped body.))
((Your system is resistant to poisons.))
((You cover ground very slowly.))
You have a slow metabolism.
You can spit poison.


Message History

Your adder completely misses the air elemental.
Your adder closely misses the insubstantial wisp.
The air elemental hits you!
* * * LOW HITPOINT WARNING * * *
Your adder barely misses the air elemental.
Drink which item? (? for menu, Esc to quit)
You feel much better. The air elemental barely misses you.
The air elemental hits you!
Your adder misses the air elemental.
Your adder bites the insubstantial wisp.
The insubstantial wisp hits your adder but does no damage.
The insubstantial wisp hits you.
* * * LOW HITPOINT WARNING * * *
The insubstantial wisp blinks!
Your adder barely misses the air elemental.
Unknown command.
The air elemental hits you!
* * * LOW HITPOINT WARNING * * *
Your adder bites the insubstantial wisp but does no damage.
The air elemental hits you.
You die...

▓.....▓.....▓▓▓▓▓▓▓
▓▓▓▓▓▓▓▓▓▓▓▓▓▓
▓..8©8...▓
▓..)=)...▓
▓...:...v▓
▓...v....▓
▓...S....▓
▓.▓SS..▓.▓
▓...EY...▓
▓▓▓▓▓▓▓▓▓▓


You could see an air elemental, 2 insubstantial wisps and 3 friendly adders.

Vanquished Creatures
  An insubstantial wisp (D)
  A necrophage (D)
  2 jellies (D)
  2 orc priests (D)
  A giant eyeball (D)
  An ooze (D)
  An adder skeleton (D)
  A jackal skeleton (D)
10 creatures vanquished.

Notes
Turn   | Place    | Note
--------------------------------------------------------------
     0 | D        | nuthulu the Naga Transmuter began the quest for the Orb.
     0 | D        | Reached XP level 1. HP: 18/18 MP: 3/3
     0 | D        | Found a roughly hewn altar of Beogh.
     0 | D        | Found a corrupted altar of Lugonu.
     0 | D        | Found a viscous altar of Jiyva.
     0 | D        | Found a white marble altar of Elyvilon.
     0 | D        | Found a sparkling altar of Nemelex Xobeh.
     0 | D        | Found a burning altar of Makhleb.
     0 | D        | Found an iron altar of Okawaru.
     0 | D        | Found a deep blue altar of Sif Muna.
     0 | D        | Found a radiant altar of Vehumet.
     0 | D        | Found a bloodstained altar of Trog.
     0 | D        | Found a shimmering altar of Xom.
    34 | D        | Became a worshipper of Cheibriados the Contemplative
    39 | D        | Reached skill level 5 in Spellcasting
    39 | D        | Reached skill level 5 in Transmutations
    39 | D        | Reached XP level 2. HP: 25/25 MP: 4/8
    70 | D        | Entered arena 1.
    70 | D        | Noticed an orc priest
    70 | D        | Noticed an orc priest
    78 | D        | Killed an orc priest
    78 | D        | Reached skill level 6 in Transmutations
    78 | D        | Reached XP level 3. HP: 9/31 MP: 8/10
    84 | D        | Killed an orc priest
    84 | D        | Reached XP level 4. HP: 13/38 MP: 10/12
   346 | D        | Learned a level 3 spell: Spider Form
   350 | D        | Learned a level 2 spell: Sticks to Snakes
   355 | D        | Learned a level 4 spell: Ice Form
   358 | D        | Entered arena 2.
   358 | D        | Noticed a necrophage
   369 | D        | Killed a necrophage
   369 | D        | Acquired Cheibriados's first power
   369 | D        | Reached skill level 7 in Spellcasting
   369 | D        | Reached skill level 8 in Transmutations
   369 | D        | Reached XP level 5. HP: 34/43 MP: 9/15
   529 | D        | Entered arena 3.
   529 | D        | Noticed a jelly
   529 | D        | Noticed a jelly
   533 | D        | Paralysed by a giant eyeball for 2 turns
   538 | D        | Killed a jelly
   539 | D        | Killed a jelly
   539 | D        | Reached skill level 9 in Transmutations
   540 | D        | Paralysed by a giant eyeball for 3 turns
   636 | D        | Entered arena 4.
   636 | D        | Noticed an insubstantial wisp
   636 | D        | Noticed an insubstantial wisp
   636 | D        | Noticed an insubstantial wisp
   636 | D        | Noticed an air elemental
   640 | D        | Killed an insubstantial wisp
   640 | D        | Acquired Cheibriados's second power
   640 | D        | Reached skill level 10 in Transmutations
   640 | D        | Reached XP level 6. HP: 50/50 MP: 7/18
   643 | D        | Slain by an air elemental

Vault maps used:
D:        sprint_v

Action                   |  1- 3 |  4- 6 || total
-------------------------+-------+-------++-------
Melee: Unarmed           |    11 |    23 ||    34
 Cast: Beastly Appendage |     1 |       ||     1
       Spider Form       |       |     1 ||     1
       Ice Form          |       |     2 ||     2
       Sticks to Snakes  |       |     2 ||     2
  Use: Potion            |     3 |     1 ||     4
